Map: Acropolis LE

Players

AaRaSsII

  • Race: Zerg Zerg
  • League: Master
  • Spawn Location: 11:00

Mez - Winner!

  • Race: Terran Terran
  • League: Master
  • Spawn Location: 5:00

VOD

Have the link to the VOD?

Description

Time

  • Played on: Sept. 5, 2019, 1:59 p.m.
  • Length: 17:17
Show
View Real Time Build Order
Export as new Build Order

AaRaSsII Zerg 

Build Orders: Hatch First 

Get SALT Encoding   

  12  0:00  Drone  
  13  0:12  Overlord  
  13  0:17  Drone  
  14  0:30  Drone x2  
  16  0:48  Hatchery  
  15  0:51  Drone  
  15  0:56  Drone  
  17  1:00  Drone  
  18  1:10  Extractor  
  17  1:15  Spawning Pool  
  17  1:18  Drone  
  17  1:21  Drone  
  18  1:28  Drone  
  19  1:38  Drone  
  20  2:02  Queen x2  
  20  2:03  Zergling x4  
  20  2:08  Drone  
  27  2:15  Metabolic Boost  
  27  2:26  Hatchery  
  27  2:29  Drone  
  27  2:36  Spore Crawler  
  26  2:38  Drone  
  26  2:43  Overlord  
  27  2:46  Drone  
  29  2:53  Pneumatized Carapace  
  29  3:00  Queen  
  31  3:07  Drone x4  
  35  3:13  Overlord  
  35  3:15  Drone  
  36  3:31  Overlord  
  36  3:32  Drone x5  
  41  3:40  Queen  
  43  3:42  Overlord  
  43  3:48  Drone x4  
  46  3:53  Overlord, Drone  
  48  4:00  Drone x3  
  51  4:07  Overlord  
  51  4:09  Drone  
  53  4:10  Drone x3  
  55  4:20  Lair  
  55  4:23  Drone x6  
  61  4:26  Overlord  
  61  4:38  Roach Warren, Extractor, Drone x3  
  64  4:39  Extractor, Evolution Chamber  
  64  4:40  Evolution Chamber  
  64  4:41  Drone x2, Extractor  
  60  4:48  Queen  
  60  4:52  Queen  
  62  4:54  Overlord  
  62  4:55  Drone x3  
  67  5:00  Spore Crawler  
  67  5:02  Drone x4  
  69  5:17  Zergling x8  
  69  5:18  Zergling x4  
  61  5:31  Drone x2  
  58  5:37  Drone  
  52  5:48  Drone x2  
  52  5:49  Drone  
  54  6:09  Drone x4  
  56  6:17  Zerg Melee Weapons Level 1, Zerg Missile Weapons Level 1  
  56  6:20  Glial Reconstitution  
  56  6:25  Drone x2  
  56  6:26  Drone  
  56  6:28  Drone  
  56  6:32  Drone  
  61  6:33  Drone  
  61  6:34  Drone  
  61  6:36  Drone  
  64  6:44  Overlord  
  64  6:47  Drone x4  
  68  6:58  Roach x4  
  68  7:00  Roach  
  78  7:02  Roach  
  78  7:04  Roach  
  78  7:07  Roach  
  84  7:10  Roach  
  84  7:14  Roach x2  
  84  7:15  Roach  
  92  7:21  Ravager  
  95  7:22  Ravager  
  95  7:23  Ravager x4  
  82  7:45  Roach x3  
  82  7:48  Overlord  
  82  7:49  Overlord x2  
  82  7:51  Ravager  
  85  7:52  Ravager x3  
  85  7:57  Roach  
  90  8:08  Roach  
  90  8:09  Roach x11  
  114  8:16  Overlord x3  
  114  8:26  Overlord  
  114  8:34  Overlord  
  114  8:47  Zergling x24  
  114  8:48  Zergling x10  
  131  8:50  Ravager x9  
  131  8:54  Zergling x2  
  131  8:55  Zergling x2  
  142  9:01  Overlord  
  131  9:17  Roach x10  
  131  9:19  Zergling x2  
  131  9:20  Zergling x2  
  151  9:30  Roach x2  
  151  9:31  Roach  
  157  9:45  Queen  
  155  9:47  Zergling x8  
  155  9:48  Overlord x2  
  155  9:49  Overlord  
  145  10:15  Zergling x2  
  145  10:16  Zergling x28  
  159  10:28  Roach x3  
  154  10:39  Roach x7  
  157  10:55  Zergling x2  
  124  10:58  Zergling x8  
  106  11:05  Roach x3  
  109  11:12  Roach x4  
  109  11:13  Roach x2  
  109  11:14  Roach  
  106  11:19  Roach  
  106  11:21  Zergling x4  
  105  11:27  Ravager  
  105  11:28  Ravager x6  
  105  11:29  Zergling x2  
  113  11:34  Roach x2  
  113  11:36  Ravager x2  
  113  11:37  Zergling x6  
  113  11:38  Zergling x6  
  125  11:41  Zergling x2  
  125  11:42  Hatchery  
  117  11:58  Roach x3  
  117  11:59  Roach  
  117  12:00  Zergling x8  
  112  12:04  Roach x4  
  112  12:06  Zergling x6  
  117  12:14  Zergling x4  
  117  12:17  Zerg Melee Weapons Level 2  
  117  12:20  Drone x2  
  119  12:23  Extractor  
  119  12:28  Zerg Missile Weapons Level 2  
  119  12:29  Drone x4  
  122  12:36  Drone x2  
  82  12:52  Zergling x2  
  82  12:53  Zergling x20  
  86  13:00  Baneling Nest, Zergling x6  
  86  13:03  Drone x3  
  91  13:13  Zergling x8  
  91  13:15  Ravager x3  
  91  13:16  Ravager x2  
  100  13:29  Roach x6  
  100  13:30  Roach  
  108  13:40  Zergling x2  
  108  13:41  Zergling x18  
  86  14:00  Zergling x2  
  86  14:01  Zergling x16  
  72  14:14  Baneling x4  
  71  14:18  Roach x7  
  82  14:34  Baneling Nest  
  82  14:35  Drone  
  82  14:44  Ravager x2  
  82  14:45  Ravager x6  
  90  14:46  Zergling x14  
  93  15:15  Zerg Ground Armor Level 1  
  87  15:24  Centrifical Hooks  
  87  15:26  Zergling x2  
  87  15:27  Zergling x26  
  94  15:40  Zergling x2  
  94  15:41  Zergling x12  
  101  15:46  Baneling x5  
  101  15:47  Baneling  
  101  15:48  Baneling  
  101  15:49  Baneling  
  101  15:50  Baneling  
  101  15:51  Baneling  
  101  15:53  Baneling  
  101  15:54  Baneling  
  101  15:57  Baneling x3  
  101  15:58  Baneling  
  101  16:17  Baneling  
  101  16:18  Baneling x10  
  98  16:22  Zergling x12  
  104  16:36  Roach x4  
  104  16:37  Zergling x2, Roach  
  110  16:47  Zergling x8  
Show
View Real Time Build Order
Export as new Build Order

Mez Terran - Winner!

Build Orders: Liberator Opening, Reaper Expand 

Get SALT Encoding   

  12  0:00  SCV  
  13  0:12  SCV  
  14  0:19  Supply Depot  
  14  0:25  SCV  
  15  0:40  SCV  
  15  0:42  Barracks  
  16  0:44  Refinery  
  16  0:52  SCV  
  17  1:05  SCV  
  18  1:17  SCV  
  19  1:30  Orbital Command, Reaper  
  20  1:42  Command Center  
  20  1:49  Supply Depot  
  20  1:56  SCV  
  21  2:02  Marine  
  22  2:08  SCV  
  22  2:12  Factory  
  23  2:17  Refinery  
  23  2:22  Barracks Reactor  
  23  2:30  SCV  
  24  2:42  SCV  
  25  2:54  SCV  
  25  2:57  Orbital Command  
  26  3:02  Starport  
  26  3:06  Hellion  
  26  3:07  SCV, Hellion  
  31  3:14  Barracks Tech Lab  
  31  3:19  SCV  
  32  3:21  Liberator  
  32  3:25  SCV  
  33  3:29  Hellion x2  
  33  3:31  SCV  
  38  3:37  SCV  
  42  3:43  SCV  
  42  3:44  Marine  
  44  3:49  SCV  
  44  3:53  Supply Depot  
  45  4:03  Marine  
  45  4:05  Supply Depot  
  46  4:14  SCV x2, Hellion x2  
  52  4:21  Command Center  
  52  4:26  SCV, Stimpack  
  52  4:30  Starport Reactor  
  53  4:37  SCV  
  54  4:38  SCV  
  55  4:48  Marine  
  55  4:49  Factory Tech Lab, SCV  
  55  4:52  Barracks  
  57  4:53  Barracks  
  57  4:55  SCV  
  58  5:00  Engineering Bay  
  58  5:01  SCV, Engineering Bay  
  58  5:05  Marine  
  60  5:10  SCV  
  60  5:13  SCV, Refinery  
  62  5:14  Refinery  
  62  5:15  Starport Reactor  
  62  5:32  Siege Tank, SCV x2  
  57  5:45  Marine x2  
  57  5:51  Barracks, Terran Infantry Armor Level 1, Terran Infantry Weapons Level 1  
  57  5:52  SCV x2, Orbital Command  
  57  5:53  Barracks  
  57  5:55  Marine x3  
  62  6:04  Marine x2, SCV x2  
  65  6:05  Siege Tank  
  65  6:07  Medivac x2  
  73  6:12  Orbital Command  
  73  6:13  Marine  
  73  6:16  SCV x2  
  73  6:17  Marine x2  
  75  6:21  Marine  
  76  6:29  Marine  
  76  6:30  Supply Depot  
  76  6:32  Supply Depot x2  
  77  6:43  Barracks Reactor x2  
  77  6:47  Marine x4, Medivac x2  
  77  6:48  Combat Shield  
  77  6:52  Marine, Siege Tank, SCV x2  
  91  6:59  SCV  
  92  7:04  SCV x2, Supply Depot x2  
  92  7:05  Marine x2, Armory  
  92  7:06  Supply Depot  
  96  7:08  Marine x2  
  96  7:10  Marine  
  99  7:23  Marine x2  
  99  7:24  SCV  
  99  7:25  SCV x2  
  99  7:42  Marine x9  
  99  7:43  Siege Tank  
  99  7:52  Terran Infantry Weapons Level 2  
  99  7:55  Command Center, SCV x2  
  102  7:58  SCV  
  102  8:00  Marine x8  
  102  8:01  Supply Depot  
  109  8:08  Medivac  
  109  8:09  Medivac  
  109  8:11  Marine  
  114  8:18  Marine x2  
  116  8:22  Marine x3  
  116  8:23  Marine x3  
  116  8:24  Siege Tank  
  116  8:25  Terran Infantry Armor Level 2  
  125  8:28  Factory  
  125  8:29  Marine  
  126  8:35  Marine  
  126  8:36  Liberator x2  
  126  8:37  SCV  
  126  8:38  SCV x2  
  130  8:43  Barracks  
  130  8:44  Barracks  
  130  8:45  Barracks  
  126  8:49  Marine x8  
  140  8:58  Supply Depot, Refinery  
  140  8:59  Refinery  
  140  9:01  Marine  
  141  9:07  Marine x3, Orbital Command  
  141  9:08  Supply Depot  
  141  9:09  Supply Depot, Orbital Command x2  
  143  9:16  Siege Tank  
  143  9:17  Marine x3, Factory Tech Lab  
  143  9:18  Marine x2  
  127  9:36  Marauder, Barracks Tech Lab x3  
  127  9:38  Marine  
  130  9:44  Marine  
  124  9:54  Refinery  
  124  9:57  Marauder  
  102  10:14  Marine  
  102  10:15  Marine x7  
  102  10:18  Marauder x2  
  109  10:30  Marine, Marauder  
  109  10:32  Marine  
  109  10:35  Marine x7  
  113  10:38  Medivac x2  
  119  10:45  Marine x2  
  119  10:47  Marine  
  117  10:51  Marauder  
  90  10:57  Marine x5  
  90  11:01  SCV x3  
  90  11:03  Marauder  
  90  11:04  Marauder  
  87  11:07  Concussive Shells  
  86  11:13  SCV x2  
  81  11:25  Siege Tank x2  
  79  11:27  SCV x3  
  85  11:54  Marine x11  
  87  12:02  Siege Tank  
  80  12:14  Marine x5  
  83  12:20  Marine x4  
  83  12:21  Marine x3  
  90  12:32  Marine  
  83  12:44  Marine  
  83  12:45  Marine x2  
  81  12:56  Siege Tank x2  
  83  13:01  Marine x7  
  90  13:08  SCV x3  
  93  13:19  Marine, Supply Depot  
  93  13:20  Marine x4, Supply Depot  
  93  13:21  Supply Depot  
  93  13:25  SCV  
  93  13:26  SCV  
  100  13:30  Siege Tank  
  100  13:31  Siege Tank  
  94  14:01  Marine x12  
  94  14:02  SCV x2  
  106  14:03  SCV  
  106  14:04  Siege Tank x2, Medivac  
  106  14:05  Medivac  
  114  14:14  Command Center, SCV  
  112  14:18  Marine, Terran Infantry Armor Level 3, Terran Infantry Weapons Level 3  
  112  14:19  Marine x4  
  117  14:24  Supply Depot  
  117  14:26  Supply Depot  
  117  14:37  Marine x2  
  117  14:38  Marauder x3  
  125  14:50  Siege Tank x2  
  131  15:03  Marine x9  
  131  15:04  Marine  
  140  15:17  Supply Depot, Refinery  
  140  15:18  Supply Depot  
  140  15:19  Supply Depot  
  138  15:26  Siege Tank x2  
  144  15:30  Refinery  
  140  15:41  Marine  
  140  15:42  Marine, Marauder x4  
  150  16:09  Marine, Siege Tank x2  
  150  16:10  Marauder x3  
  163  16:14  Medivac  
  163  16:18  Medivac  
  162  16:22  Planetary Fortress  
  162  16:36  Marine  
  163  16:47  Marine x8, Marauder x3  
  163  16:54  Marine  
Tags
 
Add a new tag
Caveats
  • Supply blocks, unpowered buildings, or Contaminate may cause inaccurate times.
  • Supply counts are checked every 10 seconds.